 Dungeon Crawl Stone Soup version 0.25-a0-1137-g7f6bfe439b (webtiles) character file.

Game seed: 4361545841829874466, levelgen mode: deterministic

23 HoaS the Ruffian (level 3, -2/36 HPs)
             Began as a Gargoyle Berserker on May 23, 2020.
             Was a Follower of Trog.
             Killed from afar by Terence (7 damage)
             ... with a puff of flame
             ... on level 2 of the Dungeon.
             The game lasted 00:02:13 (977 turns).

HoaS the Ruffian (Gargoyle Berserker)                Turns: 977, Time: 00:02:14

Health: -2/36      AC:  9    Str: 21    XL:     3   Next: 0%
Magic:  3/3        EV: 11    Int:  7    God:    Trog [*.....]
Gold:   44         SH:  0    Dex:  9    Spells: 2/2 levels left

rFire    . . .     SeeInvis .     - Unarmed
rCold    . . .     Gourm    .   (no shield)
rNeg     + . .     Faith    .   k - +0 ring mail
rPois    ∞         Spirit   .   (no helmet)
rElec    +         Reflect  .   g - +0 cloak
rCorr    .         Harm     .   (no gloves)
MR       .....                  (no boots)
Stlth    ..........             (no amulet)
HPRegen  0.12/turn              (no ring)
MPRegen  0.08/turn              (no ring)

@: berserking, very quick
A: negative energy resistance 1, electricity resistance, unbreathing,
petrification resistance, rot immunity, AC +3
a: Berserk, Renounce Religion


You were on level 2 of the Dungeon.
You worshipped Trog.
Trog was aware of your devotion.
You were very hungry.

You visited 1 branch of the dungeon, and saw 2 of its levels.

You collected 44 gold pieces.

Inventory:

Missiles
 a - 22 arrows
 l - a throwing net (quivered)
Armour
 g - a +0 cloak (worn)
 k - a +0 ring mail (worn)
Jewellery
 h - an uncursed ring of see invisible {unknown}
Scrolls
 d - a scroll of identify {unknown}
 e - a scroll of fear {unknown}
 i - 2 scrolls of remove curse {unknown}
 j - a scroll of amnesia {unknown}
 m - a scroll of fog {unknown}
Potions
 c - a potion of curing {unknown}
Comestibles
 b - 3 rations


   Skills:
 + Level 3.7 Fighting
 - Level 2.1 Armour
 - Level 1.5 Dodging
 * Level 3.8 Unarmed Combat


You had 2 spell levels left.
You didn't know any spells.
Your spell library was empty.

Dungeon Overview and Level Annotations

Branches:
Dungeon (2/15)

Altars:

Annotations:
D:2 Terence


Innate Abilities, Weirdness & Mutations

You are resistant to torment.
Your stone body is resilient. (AC +3)
You are immune to poison.
You resist negative energy. (rN+)
You are resistant to electric shocks. (rElec)
You can survive without breathing.
You are immune to petrification.
You are immune to rotting.


Message History

You closely miss Terence. Terence hits you with a +0 mace.
You hit Terence but do no damage. Terence hits you with a +0 mace.
You barely miss Terence. Terence hits you with a +0 mace.
You hit Terence but do no damage. You hit Terence but do no damage.
Terence zaps a wand.
The puff of flame hits you!
You hit Terence.
Terence is lightly wounded.
Terence barely misses you.
A red film seems to cover your vision as you go berserk!
You feel yourself moving faster!
You feel mighty!
You are feeling very hungry.
Terence zaps a wand.
The puff of flame hits you!
* * * LOW HITPOINT WARNING * * *
You punch Terence!
Terence is severely wounded.
You closely miss Terence.
Terence is severely wounded.
Terence zaps a wand.
The puff of flame hits you!
You die...

########+###
...........#
...........#
........(..#
>.....@@...#
...........#
...........#
...........#
.......P.#..#
#####8P..##.#
###+## .. ..


You could see Terence.

Vanquished Creatures
  A dart slug (D:1)
  7 bats (D:1)
  2 giant cockroaches (D:1)
  A goblin (D:1)
  3 hobgoblins (D:1)
  2 kobolds (D:1)
  A frilled lizard (D:1)
  3 rats (D:1)
20 creatures vanquished.

Notes
Turn   | Place    | Note
-------+----------+-------------------------------------------
     0 | D:1      | HoaS the Gargoyle Berserker began the quest for the Orb.
     0 | D:1      | Reached XP level 1. HP: 14/14 MP: 1/1
   125 | D:1      | Reached XP level 2. HP: 16/19 MP: 2/2
   681 | D:1      | Reached XP level 3. HP: 23/24 MP: 3/3
   963 | D:2      | Noticed Terence
   977 | D:2      | Killed from afar by Terence

Illustrated notes

Levels and vault maps discovered:
D:1:      psy_arrival_radial02, layout_basic, hangedman_decor_diamond_cutter,
          minmay_pentomino_u2
D:2:      layout_basic, gammafunk_temple_overflow_forgotten, serial_undead,
          serial_undead_e, serial_undead_f, serial_undead_c, serial_undead_e,
          chequers_serial_rivers_room_a, uniq_terence

Action                   || total
-------------------------++-------
Melee: Unarmed           ||    92
       Punch             ||     1
Invok: Berserk           ||     1
Armor: Animal skin       ||     5
       Ring mail         ||    34
Dodge: Dodged            ||    78

Table legend:
 A = Non-vault XP
 B = Vault XP
 C = Vault XP percentage of total XP
 D = Non-vault monster count
 E = Vault monster count
 F = Vault count percentage of total count
                 A         B        C        D         E       F
            +---------+---------+-------+---------+---------+-------
      Total |      30 |       4 |  11.8 |      18 |       2 |  10.0
            +---------+---------+-------+---------+---------+-------
        D:1 |      30 |       4 |  11.8 |      18 |       2 |  10.0
            +---------+---------+-------+---------+---------+-------
